 Dungeon Crawl Stone Soup version 0.30-a0-341-g6827065 (webtiles) character file.

Game seed: 13576827543999651733

545 BriarBranch the Chopper (level 7, -2/62 HPs)
             Began as a Hill Orc Fighter on Nov 2, 2022.
             Succumbed to Duvessa's poison
             ... on level 4 of the Dungeon.
             The game lasted 00:17:52 (3276 turns).

BriarBranch the Chopper (Hill Orc Fighter)          Turns: 3276, Time: 00:17:53

Health: -2/62      AC: 11    Str: 21    XL:     7   Next: 27%
Magic:  7/7        EV: 10    Int:  8    God:
Gold:   137        SH:  4    Dex: 10    Spells: 6/6 levels left

rFire   . . .      SeeInvis .    a - +1 war axe
rCold   . . .      Faith    .    c - +0 buckler
rNeg    + . .      Spirit   .    i - +3 ring mail of the End {rN+ Regen+ Stlth-}
rPois   .          Reflect  .    e - +1 helmet
rElec   .          Harm     .    (no cloak)
rCorr   .          Rampage  .    (no gloves)
Will    .....                    (no boots)
Stlth   ..........               (no amulet)
HPRegen 1.10/turn                (no ring)
MPRegen 0.10/turn                (no ring)

@: lethally poisoned (-2 -> -15)
A: no striking features
a: no special abilities


You were on level 4 of the Dungeon.
You visited 1 branch of the dungeon, and saw 4 of its levels.

You collected 257 gold pieces.
You spent 120 gold pieces at shops.

Inventory:

Hand Weapons
 a - a +1 war axe (weapon)
Armour
 b - a +0 scale mail
 c - a +0 buckler (worn)
 e - a +1 helmet (worn)
 i - the +3 ring mail of the End (worn) {rN+ Regen+ Stlth-}
   (You found it on level 2 of the Dungeon)

   rN:        It protects you from negative energy.
   Regen:     It increases your rate of health regeneration.
   Stlth:     It makes you less stealthy.
Jewellery
 h - a ring of fire
Scrolls
 k - 2 scrolls of identify
 n - a scroll of magic mapping {unknown}
Potions
 d - a potion of might
 j - a potion of resistance {unknown}
 l - a potion of haste
 m - a potion of magic {unknown}


   Skills:
 * Level 5.8 Fighting
 + Level 6.9 Axes
 + Level 5.0 Armour
 - Level 0.8 Dodging
 - Level 0.1 Stealth
 + Level 3.8 Shields


You had 6 spell levels left.
You didn't know any spells.
Your spell library contained the following spells:

 Spells                   Type           Power      Damage    Failure   Level
 Inner Flame              Hex/Fire       0%         N/A       95%         3
 Cause Fear               Hex            0%         N/A       100%        4
 Olgreb's Toxic Radiance  Pois           0%         N/A       100%        4
 Ozocubu's Refrigeration  Ice            0%         4d7       100%        7
 Discord                  Hex            0%         N/A       100%        8
 Ignition                 Fire           0%         3d3       100%        8


Dungeon Overview and Level Annotations

Branches:
Dungeon (4/15)
 Temple: D:4-7

Altars:
Makhleb

Shops:
D:4 *!=*

Annotations:
D:4 2 runed translucent doors, Dowan, Duvessa


Message History

Duvessa is nearby!
You feel better. You block Duvessa's attack.
You completely miss Duvessa.
Duvessa is moderately wounded.
Duvessa barely misses you. Duvessa hits you but does no damage.
You hit Duvessa.
Duvessa is moderately wounded.
Duvessa hits you with a +2 short sword of venom.
You are poisoned.
Duvessa hits you but does no damage.
You are more poisoned.
You hit Duvessa but do no damage.
Duvessa is moderately wounded.
You feel extremely sick. You block Duvessa's attack. Duvessa misses you.
You hit Duvessa.
Duvessa is heavily wounded.
You feel very sick. Duvessa barely misses you.
Duvessa hits you with a +2 short sword of venom!
You are more poisoned.
You hit Duvessa but do no damage.
Duvessa is heavily wounded.
* * * LOW HITPOINT WARNING * * *
You feel extremely sick. Duvessa barely misses you.
Duvessa hits you with a +2 short sword of venom.
* * * LOW HITPOINT WARNING * * *
You barely miss Duvessa.
Duvessa is heavily wounded.
* * * LOW HITPOINT WARNING * * *
You feel very sick.
Duvessa hits you with a +2 short sword of venom.
* * * LOW HITPOINT WARNING * * *
Duvessa hits you with a +2 short sword of venom.
* * * LOW HITPOINT WARNING * * *
You are more poisoned.
You hit Duvessa but do no damage.
Duvessa is heavily wounded.
You die...

############
#..........#
#.###.###..#
......###..##
#8..........########
.+..............@e.#
#8......#...######.#
####........# #.# #
#.##.....# #.# #
#.##.##### #.# #
#.##.# #####.#
#....# #...#.#
#..+## #...# ...
#...###


You could see Duvessa (fast).

Vanquished Creatures
  A water moccasin (D:3)
  A hound (D:4)
  A gnoll bouda (D:4)
  2 orc priests (D:4)
  3 orc wizards
  Robin (D:2)
  4 gnolls (D:4)
  8 adders
  5 worms
  3 dart slugs
  4 orcs
  9 ball pythons
  10 endoplasms
  3 giant cockroaches
  11 hobgoblins
  3 jackals (D:3)
  14 kobolds
  3 quokkas
  4 bats
  A frilled lizard (D:2)
  17 goblins
  4 rats (D:3)
112 creatures vanquished.

Notes
Turn   | Place    | Note
-------+----------+-------------------------------------------
     0 | D:1      | BriarBranch the Hill Orc Fighter began the quest for the
                  | Orb.
     0 | D:1      | Reached XP level 1. HP: 19/19 MP: 1/1
    69 | D:1      | Reached XP level 2. HP: 27/27 MP: 2/2
   198 | D:1      | Reached skill level 3 in Axes
   376 | D:1      | Reached XP level 3. HP: 30/33 MP: 3/3
   673 | D:2      | Found a burning altar of Makhleb.
   848 | D:2      | Reached XP level 4. HP: 41/41 MP: 4/4
   918 | D:2      | Noticed Robin
   926 | D:2      | Reached skill level 4 in Axes
   932 | D:2      | Killed Robin
  1088 | D:2      | Reached XP level 5. HP: 43/47 MP: 5/5
  1289 | D:2      | Identified the +3 ring mail of the End {rN+ Regen+ Stlth-}
  1594 | D:3      | Reached skill level 5 in Axes
  1833 | D:3      | Noticed a water moccasin
  1846 | D:3      | Killed a water moccasin
  1847 | D:3      | Reached skill level 5 in Fighting
  1847 | D:3      | Reached XP level 6. HP: 40/56 MP: 6/6
  2046 | D:3      | Found a faded altar of an unknown god.
  2574 | D:4      | Found Qakh's Distillery.
  2601 | D:3      | Reached skill level 6 in Axes
  2839 | D:4      | Reached XP level 7. HP: 61/61 MP: 7/7
  2851 | D:4      | Bought a potion of haste for 120 gold pieces
  2861 | D:4      | Found Otum's Jewellery Shop.
  2912 | D:4      | Found Gumunus's General Store.
  2967 | D:4      | Found Ehexas's General Store.
  3049 | D:4      | Reached skill level 5 in Armour
  3210 | D:4      | Found a large runed translucent door.
  3211 | D:4      | Found a large runed translucent door.
  3250 | D:4      | Noticed Dowan
  3257 | D:4      | Noticed Duvessa
  3275 | D:4      | HP: 3/62 [Duvessa/+2 short sword of venom (1)]
  3276 | D:4      | Succumbed to Duvessa's poison

Illustrated notes

Levels and vault maps discovered:
D:1:      scummos_arrival_checkerplants, layout_basic
D:2:      layout_basic, basic_altar, uniq_robin
D:3:      minmay_recursive_quarters, layout_basic,
          hellmonk_ecumenical_altar_inner_sanctum
D:4:      layout_loops_corners, jmf_multi_god_temple2, kennysheep_mini,
          serial_shops, shop_fountains, shop, nicolae_shop_advertising_works
          [nicolae_subvault_shop_adworks], nicolae_shop_behind_doors,
          uniq_natasha, uniq_duvessa

Skill      XL: |  1  2  3  4  5  6  7 |
---------------+----------------------+-----
Fighting       | 4 5 |  5.8
Axes           | 3 4 5 6 |  6.9
Armour         | 4 5 |  5.0
Dodging        | |  0.8
Stealth        | |  0.1
Shields        | |  3.8

Action                   |  1- 3 |  4- 6 |  7- 9 || total
-------------------------+-------+-------+-------++-------
Melee: War axe           |    90 |   190 |    41 ||   321
  Use: Scroll            |     7 |       |       ||     7
       Potion            |     2 |       |     6 ||     8
Armor: Scale mail        |    40 |    25 |       ||    65
       Ring mail         |       |    58 |    18 ||    76
Dodge: Dodged            |    44 |    76 |    24 ||   144
Block: Buckler           |    16 |    32 |    15 ||    63

Table legend: (Time is in decaauts)
 A = Elapsed time spent in this place.
 B = Non-inter-level travel time spent in this place.
 C = Inter-level travel time spent in this place.
 D = Time resting spent in this place.
 E = Time spent auto-exploring this place.
 F = Levels seen in this place.
 G = Mean time per level.
                   A        B        C        D        E       F      G
               +--------+--------+--------+--------+--------+-----+--------+
         Total |   3352 |   3024 |    328 |      6 |   2080 |   4 |  838.0 |
       Dungeon |   3352 |   3024 |    328 |      6 |   2080 |   4 |  838.0 |
               +--------+--------+--------+--------+--------+-----+--------+

Top non-repeatable levels by time:
     D:3: 1208 daAuts
     D:2: 922 daAuts
     D:1: 692 daAuts
     D:4: 530 daAuts
